 Dungeon Crawl Stone Soup version 0.29.0-15-g675c0067aa (webtiles) character file.

Game seed: 13861733328926034569

1542 qw the Chopper (level 8, -3/50 HPs)
             Began as a Gargoyle Delver on Sept 11, 2022.
             Slain by a yak (7 damage)
             ... on level 7 of the Dungeon.
             The game lasted 00:03:07 (6856 turns).

qw the Chopper (Gargoyle Delver)                    Turns: 6856, Time: 00:03:08

Health: -3/50      AC: 23    Str: 19    XL:     8   Next: 87%
Magic:  8/8        EV: 11    Int: 15    God:
Gold:   233        SH: 11    Dex: 11    Spells: 7/7 levels left

rFire   . . .      SeeInvis .   Y - +1 war axe
rCold   . . .      Faith    .   r - +2 buckler of the Good {Regen+ rCorr Int+5}
rNeg    + . .      Spirit   .   q - +0 chain mail
rPois   inf        Reflect  +   b - +0 helmet
rElec   +          Harm     .   e - +1 cloak of Starlight {*Dazzle EV+4 Stlth--}
rCorr   +          Rampage  .   m - +0 pair of gloves
Will    .....                   (no boots)
Stlth   ..........              s - amulet of reflection
HPRegen 0.96/turn               c - +4 ring of protection
MPRegen 0.11/turn               (no ring)

@: about to teleport
A: sickness immunity, AC +5, negative energy resistance 1, electricity
resistance, torment resistance 1, petrification resistance
a: no special abilities


You were on level 7 of the Dungeon.
You visited 1 branch of the dungeon, and saw 7 of its levels.

You collected 431 gold pieces.
You spent 198 gold pieces at shops.


Innate Abilities, Weirdness & Mutations

You are immune to sickness and miasma.
Your stone body is resilient. (AC +5)
You are immune to poison.
You resist negative energy. (rN+)
You are resistant to electric shocks. (rElec)
You are resistant to unholy torment.
You are immune to petrification.


   Skills:
 - Level 5.5 Fighting
 + Level 7.8 Axes
 - Level 1.3 Throwing
 - Level 4.0 Armour
 - Level 1.5 Dodging
 - Level 5.4 Stealth
 - Level 3.2 Shields


You had 7 spell levels left.
You didn't know any spells.
Your spell library was empty.

Inventory:

Hand Weapons
 h - the +6 shillelagh "Devastator" {shatter}
   (You found it on level 4 of the Dungeon)

   It releases a powerful concussive burst when it strikes, dealing extra damage
   to the target and all other foes adjacent to them.
 Y - a +1 war axe (weapon)
Missiles
 p - 4 boomerangs (quivered)
Armour
 b - a +0 helmet (worn)
 e - the +1 cloak of Starlight (worn) {*Dazzle EV+4 Stlth--}
   (You acquired it on level 6 of the Dungeon)

   It may blind those who miss an attack against the wearer in melee combat.
   EV:        It affects your evasion (+4).
   Stlth:     It makes you much less stealthy.
 m - a +0 pair of gloves (worn)
 q - a +0 chain mail (worn)
 r - the +2 buckler of the Good (worn) {Regen+ rCorr Int+5}
   (You acquired it on level 7 of the Dungeon)

   Int:       It affects your intelligence (+5).
   Regen:     It increases your rate of health regeneration.
   rCorr:     It protects you from acid and corrosion.
Jewellery
 c - a +4 ring of protection (left hand)
 s - an amulet of reflection (around neck)
Wands
 g - a wand of digging (3)
Scrolls
 a - a scroll of identify
 o - 3 scrolls of teleportation
Potions
 d - a potion of flight {unknown}
 f - 5 potions of haste
 i - 2 potions of curing
 j - a potion of mutation {unknown}
 l - 2 potions of brilliance {unknown}
 n - 2 potions of heal wounds
 t - a potion of cancellation {unknown}

Dungeon Overview and Level Annotations

Branches:
Dungeon (7/15)
 Temple: D:4-7

Altars:
Ashenzari
Nemelex Xobeh
Wu Jian

Shops:
D:2 *   D:4 *((*


Message History

The yak gores you but does no damage. The yak gores you!
You hit the yak but do no damage.
The yak is moderately wounded.
You closely miss the yak. The yak gores you.
You slash the yak!
The yak is severely wounded.
You barely miss the yak. The yak gores you. You block the yak's attack.
You slash the yak!
The yak is almost dead.
You closely miss the yak. You hit the yak but do no damage.
You block the yak's attack. The yak gores you!
The yak gores you but does no damage.
You hit the yak.
The yak is almost dead.
You hit the yak. You hit the yak but do no damage.
The yak completely misses you.
The yak gores you but does no damage. x2
You block the yak's attack. x2
You slash the yak!
You kill the yak!
You hit the yak. You slash the yak! You barely miss the yak. You hit the yak.
The yak gores you but does no damage. The yak gores you!
The yak barely misses you.
The yak's sight is seared by the starlight!
The yak gores you but does no damage.
You hit the yak.
The yak is moderately wounded.
You slash the yak! You hit the yak but do no damage. You hit the yak.
The yak gores you but does no damage. You block the yak's attack. x2
You slash the yak!
The yak is almost dead.
You hit the yak but do no damage. You hit the yak. x2
The yak gores you but does no damage. The yak gores you! x2
You block the yak's attack.
6856 ||| READING 4 scrolls of teleportation.
As you read the scroll of teleportation, it crumbles to dust.
You feel strangely unstable. The yak gores you!
You die...

#### ### ##....
#.##......
#.#.......
##.Y.......
#..@Y......
######.YY......
#...../.........
##...............
##...............
#...............
##..............
##..............
###..............


You could see 4 yaks.

Vanquished Creatures
  A yak (D:7)
  A wyvern (D:6)
  Menkaure (D:6)
  A water moccasin (D:5)
  An ogre (D:4)
  A phantom (D:5)
  Blork the orc (D:5)
  3 scorpions
  6 hounds
  2 jellies
  An iguana (D:4)
  5 orc wizards
  4 gnolls (D:4)
  7 adders
  2 shadow imps
  An ufetubus (D:4)
  4 worms
  2 dart slugs
  13 orcs
  7 ball pythons
  4 bats
  8 endoplasms
  2 giant cockroaches
  6 goblins
  9 hobgoblins
  5 jackals (D:4)
  4 quokkas
  3 frilled lizards
  9 kobolds
  7 rats
121 creatures vanquished.

Notes
Turn   | Place    | Note
-------+----------+-------------------------------------------
     0 | D:5      | qw the Gargoyle Delver began the quest for the Orb.
     0 | D:5      | Reached XP level 1. HP: 14/14 MP: 1/1
     0 | D:5      | 0 ||| qw: Version: 0.1-a-117-gfe26ee0
     0 | D:5      | 0 ||| qw: Game counter: 9907
     0 | D:5      | 0 ||| qw: Always use a shield: true
     0 | D:5      | 0 ||| qw: God list: Okawaru
     0 | D:5      | 0 ||| qw: Allow faded altars: false
     0 | D:5      | 0 ||| qw: Do Orc after D:15 true
     0 | D:5      | 0 ||| qw: Do second Lair branch before Depths: true
     0 | D:5      | 0 ||| qw: Lair rune preference: random
     0 | D:5      | 0 ||| qw: Plans: Normal
     0 | D:5      | 0 ||| PLANNING D:1-11
     3 | D:5      | Noticed a phantom
     4 | D:5      | 4 ||| Stepping ~*~*~tactically~*~*~ (stealth).
    25 | D:5      | 25 ||| DROPPING scroll of fog.
    26 | D:5      | 26 ||| DROPPING scroll of magic mapping.
    27 | D:5      | 27 ||| DROPPING scroll of fear.
   145 | D:4      | Reached skill level 2 in Axes
   148 | D:4      | 148 ||| UPGRADING to +4 ring of protection.
   195 | D:2      | 195 ||| Stepping ~*~*~tactically~*~*~ (stealth).
   202 | D:2      | Reached XP level 2. HP: 19/19 MP: 2/2
   223 | D:2      | 223 ||| Stepping ~*~*~tactically~*~*~ (stealth).
   254 | D:2      | 254 ||| DRINKING 2 blue potions.
   255 | D:2      | 255 ||| DROPPING potion of degeneration.
   263 | D:2      | 263 ||| STAIRDANCE
   273 | D:1      | 273 ||| DROPPING +0 club.
   367 | D:1      | Reached skill level 3 in Axes
   500 | D:1      | 500 ||| Stepping ~*~*~tactically~*~*~ (hiding).
   602 | D:1      | 602 ||| Stepping ~*~*~tactically~*~*~ (hiding).
   704 | D:1      | 704 ||| Stepping ~*~*~tactically~*~*~ (hiding).
   806 | D:1      | 806 ||| Stepping ~*~*~tactically~*~*~ (hiding).
   908 | D:1      | 908 ||| Stepping ~*~*~tactically~*~*~ (hiding).
  1010 | D:1      | 1010 ||| Stepping ~*~*~tactically~*~*~ (hiding).
  1011 | D:1      | 1011 ||| Stepping ~*~*~tactically~*~*~ (hiding).
  1013 | D:1      | 1013 ||| Stepping ~*~*~tactically~*~*~ (hiding).
  1024 | D:1      | Reached XP level 3. HP: 21/23 MP: 3/3
  1136 | D:1      | Found a faded altar of an unknown god.
  1597 | D:1      | 1597 ||| UPGRADING to +3 scale mail.
  1607 | D:1      | 1607 ||| DROPPING +0 leather armour.
  1608 | D:1      | 1608 ||| UPGRADING to +0 pair of gloves.
  1613 | D:1      | 1613 ||| READING 3 scrolls labelled CIEHEJ RUUS.
  1614 | D:1      | 1614 ||| READING scroll labelled LEFIZYTE YMER.
  1619 | D:1      | 1619 ||| READING 2 scrolls of identify.
  1619 | D:1      | 1619 ||| IDENTIFYING bubbling ruby potion
  1620 | D:1      | 1620 ||| DROPPING potion of attraction.
  1777 | D:2      | Reached skill level 1 in Armour
  1878 | D:2      | 1878 ||| Stepping ~*~*~tactically~*~*~ (stealth).
  1881 | D:2      | 1881 ||| Stepping ~*~*~tactically~*~*~ (stealth).
  1883 | D:2      | 1883 ||| Stepping ~*~*~tactically~*~*~ (stealth).
  1886 | D:2      | Reached XP level 4. HP: 28/28 MP: 4/4
  1959 | D:2      | 1959 ||| Stepping ~*~*~tactically~*~*~ (hiding).
  1960 | D:2      | 1960 ||| Stepping ~*~*~tactically~*~*~ (hiding).
  2082 | D:2      | Found Getadeda's Assorted Antiques.
  2092 | D:2      | 2092 ||| SHOPLISTING plate armour (644 gold, have 146).
  2092 | D:2      | 2092 ||| BUYING scroll labelled SOAJYN ELIFED (28 gold).
  2092 | D:2      | Bought a scroll labelled SOAJYN ELIFED for 28 gold pieces
  2177 | D:2      | Reached skill level 4 in Axes
  2279 | D:2      | 2279 ||| Stepping ~*~*~tactically~*~*~ (stealth).
  2314 | D:2      | 2314 ||| Stepping ~*~*~tactically~*~*~ (stealth).
  2532 | D:2      | 2532 ||| DROPPING +3 ring mail.
  2533 | D:2      | 2533 ||| READING scroll labelled METOSI YNOCUG.
  2534 | D:2      | 2534 ||| READING scroll labelled EMIF HEUHO.
  2535 | D:2      | 2535 ||| READING scroll labelled SOAJYN ELIFED.
  2679 | D:3      | Reached XP level 5. HP: 32/32 MP: 5/5
  2807 | D:3      | 2807 ||| Stepping ~*~*~tactically~*~*~ (stealth).
  2808 | D:3      | 2808 ||| Stepping ~*~*~tactically~*~*~ (stealth).
  2811 | D:3      | 2811 ||| Stepping ~*~*~tactically~*~*~ (stealth).
  2813 | D:3      | 2813 ||| Stepping ~*~*~tactically~*~*~ (stealth).
  2814 | D:3      | 2814 ||| Stepping ~*~*~tactically~*~*~ (stealth).
  2815 | D:3      | 2815 ||| Stepping ~*~*~tactically~*~*~ (stealth).
  2817 | D:3      | 2817 ||| Stepping ~*~*~tactically~*~*~ (stealth).
  2819 | D:3      | 2819 ||| Stepping ~*~*~tactically~*~*~ (stealth).
  2824 | D:3      | 2824 ||| Stepping ~*~*~tactically~*~*~ (stealth).
  2825 | D:3      | 2825 ||| Stepping ~*~*~tactically~*~*~ (stealth).
  3193 | D:3      | 3193 ||| UPGRADING to +0 helmet.
  3198 | D:3      | 3198 ||| DRINKING 2 bubbling amethyst potions.
  3303 | D:3      | 3303 ||| DRINKING 2 red potions.
  3304 | D:3      | 3304 ||| DROPPING potion of berserk rage.
  3349 | D:4      | Noticed an ogre
  3365 | D:4      | Killed an ogre
  3366 | D:4      | Reached skill level 5 in Axes
  3366 | D:4      | Reached XP level 6. HP: 24/37 MP: 6/6
  3494 | D:4      | Found Luteuwas's General Store.
  3496 | D:4      | Found Eveqygof's Antique Weapon Emporium.
  3497 | D:4      | Found Wapy's Antique Weapon Emporium.
  3497 | D:4      | Found the +6 shillelagh "Devastator" {shatter}
  3499 | D:4      | Found Xitoit's General Store.
  3510 | D:4      | 3510 ||| BUYING potion of curing (33 gold).
  3510 | D:4      | Bought a potion of curing for 33 gold pieces
  3513 | D:4      | 3513 ||| BUYING glowing whip (88 gold).
  3513 | D:4      | Bought a glowing whip for 88 gold pieces
  3513 | D:4      | 3513 ||| DROPPING +0 whip.
  3517 | D:4      | 3517 ||| DROPPING +2 whip of electrocution.
  3522 | D:4      | 3522 ||| BUYING +0 buckler (49 gold).
  3522 | D:4      | Bought a +0 buckler for 49 gold pieces
  3522 | D:4      | 3522 ||| SHOPLISTING +5 plate armour of Ecusuos {Contam rF+
                  | rN+} (666 gold, have 32).
  3522 | D:4      | 3522 ||| SHOPLISTING potion of curing (33 gold, have 32).
  3525 | D:4      | 3525 ||| SHOPLISTING ichor-stained flail (204 gold, have
                  | 32).
  3525 | D:4      | 3525 ||| SHOPLISTING slimy war axe (204 gold, have 32).
  3895 | D:4      | 3895 ||| Stepping ~*~*~tactically~*~*~ (hiding).
  3997 | D:4      | 3997 ||| Stepping ~*~*~tactically~*~*~ (hiding).
  4132 | D:4      | 4132 ||| Stepping ~*~*~tactically~*~*~ (hiding).
  4139 | D:4      | Reached XP level 7. HP: 36/43 MP: 7/7
  4292 | D:4      | Identified the +1 robe "Ohofok" {Harm Archmagi}
  4445 | D:4      | 4445 ||| UPGRADING to +0 buckler.
  4450 | D:4      | 4450 ||| READING scroll labelled ZEOH HIQIA.
  4451 | D:4      | 4451 ||| DRINKING 3 brown potions.
  4484 | D:4      | 4484 ||| DROPPING 2 potions of lignification.
  4509 | D:5      | Reached skill level 1 in Shields
  4631 | D:5      | 4631 ||| FLEEEEING.
  4632 | D:5      | 4632 ||| FLEEEEING.
  4633 | D:5      | 4633 ||| FLEEEEING.
  4635 | D:5      | 4635 ||| FLEEEEING.
  4636 | D:5      | 4636 ||| FLEEEEING.
  4637 | D:5      | 4637 ||| FLEEEEING.
  4638 | D:5      | 4638 ||| FLEEEEING.
  4639 | D:5      | 4639 ||| FLEEEEING.
  4640 | D:5      | 4640 ||| FLEEEEING.
  4641 | D:5      | 4641 ||| FLEEEEING.
  4642 | D:5      | 4642 ||| FLEEEEING.
  4643 | D:5      | 4643 ||| FLEEEEING.
  4644 | D:5      | 4644 ||| FLEEEEING.
  4645 | D:5      | 4645 ||| FLEEEEING.
  4646 | D:5      | 4646 ||| FLEEEEING.
  4647 | D:5      | 4647 ||| FLEEEEING.
  4648 | D:5      | 4648 ||| FLEEEEING.
  4649 | D:5      | 4649 ||| FLEEEEING.
  4650 | D:5      | 4650 ||| FLEEEEING.
  4651 | D:5      | 4651 ||| FLEEEEING.
  4652 | D:5      | 4652 ||| FLEEEEING.
  4653 | D:5      | 4653 ||| FLEEEEING.
  4655 | D:5      | 4655 ||| FLEEEEING.
  4656 | D:5      | 4656 ||| DRINKING 3 potions of curing.
  4656 | D:5      | 4656 ||| (to cure confusion)
  4669 | D:5      | 4669 ||| FLEEEEING.
  4670 | D:5      | 4670 ||| FLEEEEING.
  4671 | D:5      | 4671 ||| FLEEEEING.
  4672 | D:5      | 4672 ||| FLEEEEING.
  4673 | D:5      | 4673 ||| FLEEEEING.
  4674 | D:5      | 4674 ||| FLEEEEING.
  4676 | D:5      | 4676 ||| FLEEEEING.
  4677 | D:5      | 4677 ||| FLEEEEING.
  4678 | D:5      | 4678 ||| FLEEEEING.
  4680 | D:5      | 4680 ||| FLEEEEING.
  4681 | D:5      | 4681 ||| FLEEEEING.
  4682 | D:5      | 4682 ||| FLEEEEING.
  4683 | D:5      | 4683 ||| FLEEEEING.
  4684 | D:5      | 4684 ||| FLEEEEING.
  4687 | D:5      | 4687 ||| STAIRDANCE
  4733 | D:5      | 4733 ||| STAIRDANCE
  4785 | D:5      | Noticed Blork the orc
  4798 | D:5      | Killed Blork the orc
  4867 | D:5      | Reached skill level 6 in Axes
  4908 | D:5      | Reached skill level 3 in Shields
  5030 | D:5      | 5030 ||| Stepping ~*~*~tactically~*~*~ (stealth).
  5032 | D:5      | 5032 ||| Stepping ~*~*~tactically~*~*~ (stealth).
  5034 | D:5      | 5034 ||| Stepping ~*~*~tactically~*~*~ (stealth).
  5046 | D:5      | 5046 ||| SWAPPING to +0 war axe.
  5052 | D:5      | 5052 ||| DROPPING +1 hand axe.
  5082 | D:5      | Reached skill level 1 in Throwing
  5101 | D:5      | Found a broken altar of Ashenzari.
  5197 | D:5      | Reached XP level 8. HP: 48/48 MP: 8/8
  5354 | D:5      | Found a sparkling altar of Nemelex Xobeh.
  5396 | D:5      | Found an ornate altar of the Wu Jian Council.
  5475 | D:5      | 5475 ||| UPGRADING to +0 chain mail.
  5485 | D:5      | 5485 ||| DROPPING +3 scale mail.
  5486 | D:5      | 5486 ||| READING 2 scrolls labelled ZIXYOBBOEJ.
  5487 | D:5      | 5487 ||| DROPPING scroll of immolation.
  5539 | D:6      | 5539 ||| PLANNING SEWER
  5605 | D:6      | Noticed a wyvern
  5615 | D:6      | Killed a wyvern
  5712 | D:6      | 5712 ||| Stepping ~*~*~tactically~*~*~ (hiding).
  5718 | D:6      | 5718 ||| Stepping ~*~*~tactically~*~*~ (hiding).
  5740 | D:6      | Reached skill level 7 in Axes
  5803 | D:6      | 5803 ||| READING scroll of enchant weapon.
  5803 | D:6      | 5803 ||| ENCHANTING +0 war axe.
  5902 | D:6      | Found a glowing drain.
  5903 | D:6      | 5903 ||| UPGRADING to amulet of reflection.
  5908 | D:6      | 5908 ||| DROPPING ring of wizardry.
  5909 | D:6      | 5909 ||| READING scroll labelled TAXTIEL NEHEUNT.
  5910 | D:6      | 5910 ||| READING scroll labelled RUOBOTW MOIFEI.
  5910 | D:6      | Identified a scroll of acquirement
  5910 | D:6      | 5910 ||| ACQUIRING +1 cloak of Starlight {*Dazzle EV+4
                  | Stlth--}
  5910 | D:6      | Acquired the +1 cloak of Starlight {*Dazzle EV+4 Stlth--}
  5910 | D:6      | Found the +1 cloak of Starlight {*Dazzle EV+4 Stlth--}
  5912 | D:6      | 5912 ||| UPGRADING to +1 cloak of Starlight {*Dazzle EV+4
                  | Stlth--}.
  5920 | D:6      | 5920 ||| FLEEEEING.
  5921 | D:6      | 5921 ||| FLEEEEING.
  5935 | D:6      | 5935 ||| FLEEEEING.
  5948 | D:6      | 5948 ||| FLEEEEING.
  5949 | D:6      | 5949 ||| FLEEEEING.
  5964 | D:6      | 5964 ||| FLEEEEING.
  5966 | D:6      | 5966 ||| FLEEEEING.
  5969 | D:6      | 5969 ||| FLEEEEING.
  5970 | D:6      | 5970 ||| FLEEEEING.
  5971 | D:6      | 5971 ||| FLEEEEING.
  5985 | D:6      | 5985 ||| FLEEEEING.
  5989 | D:6      | 5989 ||| FLEEEEING.
  5990 | D:6      | 5990 ||| FLEEEEING.
  5991 | D:6      | 5991 ||| FLEEEEING.
  5992 | D:6      | 5992 ||| FLEEEEING.
  6007 | D:6      | 6007 ||| FLEEEEING.
  6008 | D:6      | 6008 ||| FLEEEEING.
  6009 | D:6      | 6009 ||| FLEEEEING.
  6010 | D:6      | 6010 ||| FLEEEEING.
  6011 | D:6      | 6011 ||| FLEEEEING.
  6012 | D:6      | 6012 ||| FLEEEEING.
  6014 | D:6      | 6014 ||| FLEEEEING.
  6015 | D:6      | 6015 ||| FLEEEEING.
  6016 | D:6      | 6016 ||| FLEEEEING.
  6030 | D:6      | 6030 ||| FLEEEEING.
  6031 | D:6      | 6031 ||| FLEEEEING.
  6032 | D:6      | 6032 ||| FLEEEEING.
  6033 | D:6      | 6033 ||| FLEEEEING.
  6035 | D:6      | 6035 ||| FLEEEEING.
  6036 | D:6      | 6036 ||| FLEEEEING.
  6037 | D:6      | 6037 ||| FLEEEEING.
  6052 | D:6      | 6052 ||| FLEEEEING.
  6053 | D:6      | 6053 ||| FLEEEEING.
  6058 | D:6      | 6058 ||| FLEEEEING.
  6059 | D:6      | 6059 ||| FLEEEEING.
  6074 | D:6      | 6074 ||| FLEEEEING.
  6075 | D:6      | 6075 ||| FLEEEEING.
  6076 | D:6      | 6076 ||| FLEEEEING.
  6077 | D:6      | 6077 ||| FLEEEEING.
  6078 | D:6      | 6078 ||| FLEEEEING.
  6079 | D:6      | 6079 ||| FLEEEEING.
  6080 | D:6      | 6080 ||| FLEEEEING.
  6081 | D:6      | 6081 ||| FLEEEEING.
  6082 | D:6      | 6082 ||| FLEEEEING.
  6083 | D:6      | 6083 ||| FLEEEEING.
  6084 | D:6      | 6084 ||| FLEEEEING.
  6093 | D:6      | 6093 ||| STAIRDANCE
  6140 | D:6      | 6140 ||| RIP SEWER
  6204 | D:6      | 6204 ||| PLANNING D:1-11
  6294 | D:6      | Noticed Menkaure
  6295 | D:6      | 6295 ||| Stepping ~*~*~tactically~*~*~ (hiding).
  6309 | D:6      | Killed Menkaure
  6657 | D:6      | 6657 ||| DROPPING amulet of magic regeneration.
  6658 | D:6      | 6658 ||| READING scroll labelled OSTA GASATT.
  6732 | D:7      | 6732 ||| DRINKING 3 potions of curing.
  6732 | D:7      | 6732 ||| (to cure confusion)
  6817 | D:7      | 6817 ||| READING scroll of acquirement.
  6817 | D:7      | 6817 ||| ACQUIRING +2 buckler of the Good {Regen+ rCorr
                  | Int+5}
  6817 | D:7      | Acquired the +2 buckler of the Good {Regen+ rCorr Int+5}
  6819 | D:7      | 6819 ||| UPGRADING to +2 buckler of the Good {Regen+ rCorr
                  | Int+5}.
  6829 | D:7      | 6829 ||| DROPPING +0 buckler.
  6843 | D:7      | Noticed a yak
  6843 | D:7      | Noticed a yak
  6845 | D:7      | Noticed a yak
  6847 | D:7      | Noticed a yak
  6847 | D:7      | Noticed a yak
  6853 | D:7      | Killed a yak
  6855 | D:7      | HP: 3/50 [yak (10)]
  6856 | D:7      | 6856 ||| READING 4 scrolls of teleportation.
  6856 | D:7      | Slain by a yak

Levels and vault maps discovered:
D:1:      minmay_arrival_arboretum_large, layout_basic,
          shapermc_ecumenical_altar_rom_forum
D:2:      layout_basic, serial_shops, nicolae_shop_waterfront
D:3:      layout_loops_cross, kennysheep_generic_room_8
D:4:      layout_loops_ring, minmay_shop_grid_forest
D:5:      layout_loops_ring, nemelex_diamond_rough_becter, lemuel_round_altar,
          lemuel_tele_altar, skrybe_limestone_x, uniq_blork_the_orc
D:6:      layout_basic, cheibrodos_sewer_entry_bend, nicolae_water_bricks,
          minivault_22, nrook_loot_triangle, uniq_menkaure
D:7:      layout_layer_cave, mainiacjoe_overflow_cross_hatched,
          minmay_temple_entry_grid, ebering_ghost_disaster_area

Skill      XL: |  1  2  3  4  5  6  7  8 |
---------------+-------------------------+-----
Axes           | 2 3 4 5 6 7 |  7.8
Armour         | 1 2 4 |  4.0
Fighting       | 4 5 |  5.5
Shields        | 3 |  3.2
Throwing       | 1 |  1.3
Dodging        | |  1.5
Stealth        | |  5.4

Action                   |  1- 3 |  4- 6 |  7- 9 || total
-------------------------+-------+-------+-------++-------
Melee: Hand axe          |    79 |   229 |   102 ||   410
       Punch             |       |     1 |       ||     1
       War axe           |       |       |   103 ||   103
Throw: Boomerang         |    57 |     3 |    22 ||    82
  Use: Potion            |     1 |     2 |     3 ||     6
       Scroll            |     3 |     3 |     8 ||    14
 Stab: Sleeping          |       |     1 |       ||     1
Armor: Leather armour    |    15 |       |       ||    15
       Scale mail        |    12 |   134 |    81 ||   227
       Chain mail        |       |       |    54 ||    54
Dodge: Dodged            |    38 |   123 |    47 ||   208
Block: Buckler           |       |       |    35 ||    35

Table legend:
 A = Non-vault XP
 B = Vault XP
 C = Vault XP percentage of total XP
 D = Non-vault monster count
 E = Vault monster count
 F = Vault count percentage of total count
                 A         B        C        D         E       F
            +---------+---------+-------+---------+---------+-------
      Total |    1929 |     275 |  12.5 |     117 |       4 |   3.3
            +---------+---------+-------+---------+---------+-------
        D:1 |      35 |       0 |   0.0 |      17 |       0 |   0.0
        D:2 |     106 |       0 |   0.0 |      28 |       0 |   0.0
        D:3 |      99 |       0 |   0.0 |      19 |       0 |   0.0
        D:4 |     456 |       0 |   0.0 |      25 |       0 |   0.0
        D:5 |     448 |      94 |  17.3 |      13 |       1 |   7.1
        D:6 |     537 |     181 |  25.2 |      12 |       3 |  20.0
        D:7 |     248 |       0 |   0.0 |       3 |       0 |   0.0
            +---------+---------+-------+---------+---------+-------
